 Dungeon Crawl Stone Soup version 0.31-a0-846-gb3bcc0d938 (webtiles) character file.

Game seed: 4039245695943365558

22572138 Flugkiller the Bringer of Law (level 27, 249/249 HPs)
             Began as a Formicid Fighter on Oct 3, 2023.
             Was the Champion of Zin.
             Escaped with the Orb
             ... and 15 runes!
             The game lasted 02:02:07 (66944 turns).

Flugkiller the Bringer of Law (Formicid Fighter)   Turns: 66944, Time: 02:02:08

Health: 249/249    AC: 51    Str: 37    XL:     27
Magic:  40/40      EV: 15    Int: 19    God:    Zin [******]
Gold:   9470       SH: 23    Dex:  9    Spells: 26/26 levels left

rFire   + + +        b - +9 executioner's axe (spect)
rCold   + + +        R - +0 tower shield "Nimmegg" {-Cast Will+ Regen+ SInv}
rNeg    + + .        e - +10 gold dragon scales "Nuiligosch" {Fly rPois rF+ rC+}
rPois   +            (helmet unavailable)
rElec   .            S - +2 cloak {rPois}
rCorr   +            z - +2 pair of gloves {Stlth+}
SInv    +            C - +0 pair of boots of the Flute {rF+ rC+ Int+2 Stlth+}
Will    +++..        O - amulet "Amuec" {Rampage rN++ Regen+ Dex-4} Stlth
                     y - ring "Mulorph" {*Slow rC+ AC+4 Int+7}
HPRegen 2.21/turn    G - ring "Coheyxar" {rF+ rCorr Str+4}
MPRegen 0.27/turn

%: no spellcasting, slow self (1%), rampage
@: flying, studying 3 skills
A: permanent stasis, dig shafts and tunnels, antennae 3, four strong arms
0: Orb of Zot
}: 15/15 runes: barnacled, slimy, silver, golden, iron, obsidian, icy, bone,
abyssal, demonic, glowing, magical, fiery, dark, gossamer
a: Dig, Shaft Self, Renounce Religion, Recite, Vitalisation, Imprison,
Sanctuary, Donate Gold


You escaped.
You worshipped Zin.
Zin was exalted by your worship.
You visited 17 branches of the dungeon, and saw 87 of its levels.
You visited Pandemonium 2 times, and saw 18 of its levels.
You visited the Abyss 2 times.
You also visited: Sewer, Bailey, Ice Cave and Volcano.

You collected 14075 gold pieces.
You spent 2253 gold pieces at shops.
You donated 2352 gold pieces to Zin.

Inventory:

Hand Weapons
 b - a +9 spectral executioner's axe (weapon)
   (Okawaru gifted it to you on level 3 of the Dungeon)
Missiles
 x - 21 curare-tipped darts
 Q - 54 silver javelins (quivered)
 X - 5 throwing nets
Armour
 e - the +10 gold dragon scales "Nuiligosch" (worn) {Fly rPois rF+ rC+}
   (Okawaru gifted it to you on level 1 of the Lair of Beasts)

   rF+:       It protects you from fire.
   rC+:       It protects you from cold.
   rPois:     It protects you from poison Fly: It grants you flight.
 g - a +2 cloak of preservation
   (You found it on level 7 of Cocytus)
 t - the +9 plate armour "Dimil" {-Cast Rampage Regen+ Dex-2}
   (You bought it in a shop on level 5 of the Dungeon)

   Dex-2:     It affects your dexterity (-2).
   -Cast:     It prevents spellcasting.
   Regen+:    It increases your rate of health regeneration.
   Rampage:   It bestows one free step when moving towards enemies.
 z - a +2 pair of gloves of stealth (worn)
   (You bought it in a shop on level 5 of the Dungeon)
 C - the +0 pair of boots of the Flute (worn) {rF+ rC+ Int+2 Stlth+}
   (You found it on level 4 of the Dungeon)

   Int+2:     It affects your intelligence (+2).
   rF+:       It protects you from fire.
   rC+:       It protects you from cold.
   Stlth+:    It makes you more stealthy.
 N - a +2 kite shield of fire resistance
   (You found it in a volcano)
 R - the +0 tower shield "Nimmegg" (worn) {-Cast Will+ Regen+ SInv}
   (You took it off a daeva in Pandemonium)

   Will+:     It increases your willpower.
   SInv:      It lets you see invisible.
   -Cast:     It prevents spellcasting.
   Regen+:    It increases your rate of health regeneration.
 S - a +2 cloak of poison resistance (worn)
   (You bought it in a shop on level 2 of the Orcish Mines)
Jewellery
 m - a ring of willpower
   (You took it off an ancient champion on level 7 of the Iron City of Dis)
 o - the ring of Hotzoodd {*Slow AC+4 Str+4}
   (You took it off a skeletal warrior on level 3 of the Crypt)

   [ring of protection]

   AC+4:      It affects your AC (+4).
   Str+4:     It affects your strength (+4).
   *Slow:     It may slow you when you take damage.
 p - a ring of protection from fire
   (You found it on level 3 of the Tomb of the Ancients)
 s - the amulet "Ezomoz" {Spirit -Tele rN+++ Str+2}
   (You found it in Pandemonium)

   [amulet of guardian spirit]

   Spirit:    It causes incoming damage to be divided between your reserves of
   health and magic.
   Str+2:     It affects your strength (+2).
   rN+++:     It renders you almost immune to negative energy.
   -Tele:     It prevents most forms of teleportation.
 y - the ring "Mulorph" (left hand) {*Slow rC+ AC+4 Int+7}
   (You found it in Pandemonium)

   [ring of protection]

   AC+4:      It affects your AC (+4).
   Int+7:     It affects your intelligence (+7).
   rC+:       It protects you from cold.
   *Slow:     It may slow you when you take damage.
 E - a ring of flight
   (You found it on level 1 of the Spider Nest)
 G - the ring "Coheyxar" (right hand) {rF+ rCorr Str+4}
   (You found it on level 3 of the Depths)

   [ring of protection from fire]

   Str+4:     It affects your strength (+4).
   rF+:       It protects you from fire.
   rCorr:     It protects you from acid and corrosion.
 K - the ring "Doselij" {rC+ Str+6 Stlth+}
   (You found it on level 3 of the Elven Halls)

   [ring of strength]

   Str+6:     It affects your strength (+6).
   rC+:       It protects you from cold.
   Stlth+:    It makes you more stealthy.
 O - the amulet "Amuec" (around neck) {Rampage rN++ Regen+ Dex-4}
   (You found it in Pandemonium)

   [amulet of regeneration]

   Dex-4:     It affects your dexterity (-4).
   rN++:      It greatly protects you from negative energy.
   Regen+:    It increases your rate of health regeneration.
   Rampage:   It bestows one free step when moving towards enemies.
Wands
 a - a wand of charming (49)
   (You found it on level 1 of the Depths)
 H - a wand of mindburst (49)
   (You found it on level 4 of the Spider Nest)
 J - a wand of light (57)
   (You found it on level 10 of the Dungeon)
 M - a wand of iceblast (77)
   (You found it on level 11 of the Dungeon)
 W - a wand of digging (36)
   (You found it on level 5 of the Vaults)
Scrolls
 f - 9 scrolls of vulnerability
 j - 10 scrolls of fear
 l - 15 scrolls of poison
 r - 4 scrolls of summoning
 A - 8 scrolls of immolation
 D - 3 scrolls of revelation
 F - a scroll of silence
 T - 8 scrolls of enchant armour
 Z - 4 scrolls of fog
Potions
 d - 6 potions of might
 h - 4 potions of magic
 i - 8 potions of mutation
 k - 14 potions of enlightenment
 n - 2 potions of resistance
 q - 19 potions of curing
 u - 10 potions of cancellation
 w - 7 potions of heal wounds
 B - 7 potions of attraction
 I - 5 potions of ambrosia
 P - 4 potions of invisibility
Miscellaneous
 v - a figurine of a ziggurat
 L - a condenser vane
   (You found it on level 2 of the Spider Nest)
 U - a phial of floods
   (You found it in an ice cave)


   Skills:
 O Level 27 Fighting
 - Level 24.0 Axes
 O Level 27 Throwing
 O Level 27 Armour
 + Level 25.7 Dodging
 O Level 27 Shields
 O Level 27 Invocations
 - Level 0.8 Evocations


You had 26 spell levels left.
You didn't know any spells.
Your spell library contained the following spells:

 Spells                   Type           Power      Damage    Failure   Level
 Foxfire                  Conj/Fire      0%         2x1d4     63%         1
 Freeze                   Ice            0%         1d3       63%         1
 Kiss of Death            Conj/Necr      0%         2d5       63%         1
 Magic Dart               Conj           0%         1d3       63%         1
 Necrotise                Necr           0%         1d4       63%         1
 Shock                    Conj/Air       0%         1d3       63%         1
 Summon Small Mammal      Summ           0%         N/A       63%         1
 Ensorcelled Hibernation  Hex/Ice        0%         N/A       77%         2
 Lesser Beckoning         Tloc           0%         N/A       77%         2
 Poisonous Vapours        Pois/Air       0%         N/A       77%         2
 Scorch                   Fire           0%         2d5       77%         2
 Searing Ray              Conj           0%         2d4       77%         2
 Sublimation of Blood     Necr           0%         N/A       77%         2
 Wereblood                Tmut           0%         N/A       77%         2
 Call Canine Familiar     Summ           0%         N/A       94%         3
 Dazzling Flash           Conj/Hex       0%         N/A       94%         3
 Frozen Ramparts          Ice            0%         1d1       94%         3
 Gell's Gravitas          Tloc           0%         N/A       94%         3
 Hailstorm                Conj/Ice       0%         3d3       94%         3
 Ignite Poison            Fire/Tmut/Pois 0%         N/A       94%         3
 Inner Flame              Hex/Fire       0%         N/A       94%         3
 Mephitic Cloud           Conj/Pois/Air  0%         N/A       94%         3
 Ozocubu's Armour         Ice            0%         N/A       94%         3
 Sigil of Binding         Hex            0%         N/A       94%         3
 Stone Arrow              Conj/Erth      0%         3d7       94%         3
 Summon Guardian Golem    Hex/Summ       0%         N/A       94%         3
 Teleport Other           Tloc           0%         N/A       94%         3
 Tukima's Dance           Hex            0%         N/A       94%         3
 Vampiric Draining        Necr           0%         2d6       94%         3
 Volatile Blastmotes      Fire/Tloc      0%         2d10      94%         3
 Airstrike                Air            0%         2d(0-16)  100%        4
 Anguish                  Hex/Necr       0%         N/A       100%        4
 Animate Armour           Summ/Erth      0%         N/A       100%        4
 Brom's Barrelling Bould  Conj/Erth      0%         2d3       100%        4
 Cause Fear               Hex            0%         N/A       100%        4
 Dimensional Bullseye     Hex/Tloc       0%         N/A       100%        4
 Flame Wave               Conj/Fire      0%         2d4       100%        4
 Fulminant Prism          Conj/Hex       0%         3d5       100%        4
 Iskenderun's Mystic Bla  Conj/Tloc      0%         2d3       100%        4
 Leda's Liquefaction      Hex/Erth       0%         N/A       100%        4
 Manifold Assault         Tloc           0%         N/A       100%        4
 Olgreb's Toxic Radiance  Pois           0%         N/A       100%        4
 Passage of Golubria      Tloc           0%         N/A       100%        4
 Petrify                  Tmut/Erth      0%         N/A       100%        4
 Sticky Flame             Conj/Fire      0%         2d3       100%        4
 Summon Ice Beast         Ice/Summ       0%         N/A       100%        4
 Summon Lightning Spire   Summ/Air       0%         N/A       100%        4
 Agony                    Necr           0%         N/A       100%        5
 Alistair's Intoxication  Tmut/Pois      0%         N/A       100%        5
 Arcjolt                  Conj/Air       0%         1d10      100%        5
 Borgnjor's Vile Clutch   Necr/Erth      0%         N/A       100%        5
 Fireball                 Conj/Fire      0%         3d3       100%        5
 Freezing Cloud           Conj/Ice/Air   0%         6-21      100%        5
 Irradiate                Conj/Tmut      0%         3d11      100%        5
 Iskenderun's Battlesphe  Conj           0%         2d6       100%        5
 Silence                  Hex/Air        0%         N/A       100%        5
 Summon Forest            Summ/Tloc      0%         N/A       100%        5
 Summon Mana Viper        Hex/Summ       0%         N/A       100%        5
 Yara's Violent Unravell  Hex/Tmut       0%         3d3       100%        5
 Bombard                  Conj/Erth      0%         9d1       100%        6
 Conjure Ball Lightning   Conj/Air       0%         3x3d6     100%        6
 Dispersal                Tloc           0%         N/A       100%        6
 Eringya's Noxious Bog    Tmut/Pois      0%         4d6       100%        6
 Plasma Beam              Fire/Air       0%         2x1d10    100%        6
 Simulacrum               Ice/Necr       0%         N/A       100%        6
 Starburst                Conj/Fire      0%         6d3       100%        6
 Summon Cactus Giant      Summ           0%         N/A       100%        6
 Enfeeble                 Hex            0%         N/A       100%        7
 Haunt                    Necr/Summ      0%         N/A       100%        7
 Monstrous Menagerie      Summ           0%         N/A       100%        7
 Orb of Destruction       Conj           0%         9d5       100%        7
 Ozocubu's Refrigeration  Ice            0%         4d7       100%        7
 Spellforged Servitor     Conj/Summ      0%         N/A       100%        7
 Summon Hydra             Summ           0%         N/A       100%        7
 Borgnjor's Revivificati  Necr           0%         N/A       100%        8
 Discord                  Hex            0%         N/A       100%        8
 Disjunction              Tloc           0%         N/A       100%        8
 Ignition                 Fire           0%         3d3       100%        8
 Lehudib's Crystal Spear  Conj/Erth      0%         10d2      100%        8
 Maxwell's Capacitive Co  Air            0%         ∞         100%        8
 Summon Horrible Things   Summ           0%         N/A       100%        8
 Chain Lightning          Conj/Air       0%         N/A       100%        9
 Death's Door             Necr           0%         N/A       100%        9
 Dragon's Call            Summ           0%         N/A       100%        9
 Fire Storm               Conj/Fire      0%         5d1       100%        9
 Shatter                  Erth           0%         3d5*      100%        9
 Blink                    Tloc           Unusable   N/A       N/A         2
 Swiftness                Air            Unusable   N/A       N/A         3

Dungeon Overview and Level Annotations

Branches:
Dungeon (15/15)            Temple (0/1) D:7            Lair (5/5) D:10
 Shoals (4/4) Lair:2       Spider (4/4) Lair:3        Slime (5/5) Lair:4
    Orc (2/2) D:12            Elf (3/3) Orc:2        Vaults (5/5) D:14
  Crypt (3/3) Vaults:3       Tomb (3/3) Crypt:3      Depths (4/4) D:15
   Hell (visited)             Dis (7/7) Hell            Geh (7/7) Hell
    Coc (7/7) Hell            Tar (7/7) Hell            Zot (5/5) Depths:4
  Sewer (visited)          Bailey (visited)           IceCv (visited)
Volcano (visited)

Altars:
Ashenzari
Cheibriados
Dithmenos
Elyvilon
Gozag
Kikubaaqudgha
Makhleb
Okawaru
Trog
Uskayaw
Vehumet
Zin
The Shining One

Shops:
D:4 *   D:5 :[([=   D:13 ((=**   D:14 (   Orc:2 ([=   Elf:1 :   Shoals:2 !
Vaults:5 [![   Depths:1 !   Depths:2 *   Depths:3 [

Portals:
Hell: Depths:1 Depths:2 Depths:3 Depths:4
Abyss: Depths:2 Depths:3
Pandemonium: Depths:2
Trove: Vaults:4 (give +3 gold dragon scales)

Annotations:
D:10 3 runed translucent doors, Vorhees's ghost, journeyman OpSh
D:13 2 runed translucent doors
Elf:2 6 runed translucent doors
Vaults:1 2 transporters, exclusion: orange crystal statue
Tomb:2 exclusion: door
Depths:2 2 transporters, exclusions: dread lich and 3 more exclusions
Depths:3 2 transporters
Tar:2 36 runed doors
Zot:4 1 transporter


Innate Abilities, Weirdness & Mutations

You cannot be hasted, slowed, berserked, paralysed or teleported.
You can dig through walls and to a lower floor.
You have a pair of large antennae on your head. (SInv)
Your four strong arms can wield two-handed weapons with a shield.


Message History

Your +9 spectral executioner's axe hits the hellion!!!
You kill the hellion!
No target in view!
No target in view!
No target in view!
Your +9 spectral executioner's axe disappears.
You sense a monster nearby.
A hell hog comes into view.
Unknown command.
A hell hog comes into view.
The hell hog squeals angrily. x2
A hell hog comes into view.
The hell hog squeals angrily.
The hell hog breathes fire at you.
The fireball explodes!
The fireball engulfs the hell hog.
The hell hog completely resists.
The fireball engulfs you. You resist.
The fireball engulfs the hell hog.
The hell hog completely resists.
There is an open door here.
You carve the hell hog like the proverbial ham!!!
The hell hog is heavily wounded.
Your +9 spectral executioner's axe hits the hell hog!!
You kill the hell hog!
You hit the hell hog.
The hell hog is lightly wounded.
Your +9 spectral executioner's axe closely misses the hell hog.
Your +9 spectral executioner's axe barely misses the hell hog.
You block the hell hog's attack. The hell hog breathes fire at you.
The fireball explodes!
The fireball engulfs you. You resist.
The fireball engulfs the hell hog.
The hell hog completely resists.
You completely miss the hell hog.
The hell hog is lightly wounded.
Your +9 spectral executioner's axe barely misses the hell hog.
You block the hell hog's attack.
You slice the hell hog!!
The hell hog is heavily wounded.
You hit the hell hog.
Your +9 spectral executioner's axe hits the hell hog!!
You kill the hell hog!
Your +9 spectral executioner's axe hits the hell hog!!!
You kill the hell hog!
No target in view!
You swap places.
Your +9 spectral executioner's axe disappears.
No target in view!
No target in view!
There is a fountain of sparkling water here.
There is an open door here.
There is a stone staircase leading up here.
You fly upwards.
There is a stone staircase leading down here.
There is a stone staircase leading up here.
You fly upwards.
There is a stone staircase leading down here.
You reach down and open the door.
There is an open door here.
There is an open door here.
There is a stone staircase leading up here.
You fly upwards.
There is a stone staircase leading down here.
There is a stone staircase leading up here.
You fly upwards.
There is a stone staircase leading down here.
You sense a monster nearby.
Unknown command.
An Orb Guardian comes into view.
You slash the Orb Guardian!
The Orb Guardian is lightly wounded.
Your +9 spectral executioner's axe hits the Orb Guardian.
The Orb Guardian hits you but does no damage.
You slice the Orb Guardian like a ripe choko!!!
The Orb Guardian is severely wounded.
Your +9 spectral executioner's axe hits the Orb Guardian!
The Orb Guardian hits your +9 spectral executioner's axe!!!
Your spectral weapon shares its damage with you!
Your +9 spectral executioner's axe disappears.
You catch the helpless Orb Guardian completely off-guard!
You carve the Orb Guardian like a ham!!!
You kill the Orb Guardian!
A lorocyproca comes into view.
A lorocyproca is nearby!
Unknown command.
You slice the lorocyproca!!
The lorocyproca is moderately wounded.
Your +9 spectral executioner's axe barely misses the lorocyproca.
You slash the lorocyproca!
The lorocyproca is heavily wounded.
Your +9 spectral executioner's axe hits the lorocyproca!
You slash the lorocyproca!
The lorocyproca is almost dead.
Your +9 spectral executioner's axe hits the lorocyproca!!!
You kill the lorocyproca!
No target in view!
Your +9 spectral executioner's axe disappears.
HP restored.
You sense a monster nearby.
Unknown command.
There is a staircase leading out of the dungeon here.
Enter note: gg You have escaped!

....####.#
####.#######...#####..
.......#.#
###.#∩#######.# #...
.......#.#
###.#####....## #..#
.......#.#
####.###..##...# #..#
.......#.#
#.##~~..####...# #...
.......#.# ###..~~##.#
#...# #.##
.......#.###..###.####
#...###.#.
.......#....#####.###
#...'...#.
.......#.#####.#@#.###
#...#####' .......#.#
##..###.#####...# #...
########.####..#
##.####...# #...
#.####..# ##.# ##...#
#... #.## #..# #..#
##...# #... ##### #.#
#..# #.## #...###...
....# #.#
#..###.#####.........
....####.#
#..........'.........
.........#
#.##########.........


There were no monsters in sight!

Vanquished Creatures
  Cerebov (Pan)
  Antaeus (Coc:7)
  Asmodeus (Geh:7)
  the Royal Jelly (Slime:5)
  4 pandemonium lords
  Gloorx Vloq (Pan)
  the Serpent of Hell (Dis:7)
  Mnoleg (Pan)
  Ereshkigal (Tar:7)
  Lom Lobon (Pan)
  A seraph (Pan)
  Dispater (Dis:7)
  4 ancient liches
  2 orbs of fire (Zot:5)
  4 juggernauts
  29 royal mummies
  Sojobo (Depths:3)
  Boris (Depths:4)
  Margery (Vaults:2)
  6 Killer Klowns (Zot:5)
  Bai Suzhen (Elf:3)
  25 shard shrikes
  Saint Roka (Vaults:2)
  2 curse toes
  Geryon (Hell)
  16 caustic shrikes
  4 golden dragons
  Jory (Crypt:1)
  8 profane servitors
  Norris (Vaults:1)
  20 bone dragons
  12 doom hounds
  3 electric golems (Zot:5)
  18 Tzitzimimeh
  3 spectral shard shrikes
  4 iron giants
  8 tentacled monstrosities
  A shard shrike zombie (Hell)
  3 hellephants
  13 Brimstone Fiends
  Jorgrun (Shoals:1)
  28 Orb Guardians
  17 Hell Sentinels
  14 liches
  Asterion (Vaults:2)
  2 walking earthen tomes
  12 tainted leviathans
  Grunn (Depths:4)
  A shard shrike skeleton (Tomb:3)
  11 sphinxes
  17 Ice Fiends
  2 quicksilver dragons
  Mlioglotl (Spider:3)
  9 searing wretches
  10 deep elf master archers
  9 deep elf blademasters
  26 titans
  17 acid blobs
  A walking divine tome (Depths:3)
  18 Executioners
  Polyphemus (Shoals:4)
  A sphinx (shapeshifter) (Vaults:5)
  A quicksilver dragon (shapeshifter) (Depths:3)
  3 krakens
  2 tentacled starspawn (Abyss:5)
  37 ancient champions
  Gastronok (Lair:1)
  15 tengu reavers
  7 shadow dragons
  10 daevas (Pan)
  7 storm dragons
  Roxanne (Elf:3)
  2 death cobs
  9 revenants
  2 demonspawn warmongers (Pan)
  18 azure jellies
  A draconian knight (Depths:4)
  7 rockslimes
  11 fire giants
  19 iron dragons
  9 vault wardens
  8 narguns
  9 quicksilver elementals
  20 frost giants
  7 deep elf sorcerers
  4 curse skulls
  5 emperor scorpions
  34 balrugs
  A spectral juggernaut (Tar:3)
  4 ghost moths
  5 orc warlords
  2 spectral caustic shrikes
  3 demonspawn corrupters (Pan)
  A draconian stormcaller (Depths:4)
  A caustic shrike zombie (Crypt:1)
  9 ghouls
  3 draconian annihilators (Pan)
  10 shard shrike simulacra
  7 deep elf elementalists (Elf:3)
  18 angels
  19 cacodemons
  20 stone giants
  5 formless jellyfish
  23 reapers
  2 spriggan defenders (Depths:3)
  20 very ugly things
  24 ironbound preservers
  8 quicksilver oozes (Slime:5)
  3 caustic shrike skeletons
  2 broodmothers (Spider:4)
  3 ironbound thunderhulks
  9 vampire knights
  43 war gargoyles
  3 demonspawn blood saints (Pan)
  2 juggernaut skeletons
  10 ophanim (Pan)
  4 black draconians
  18 elemental wellsprings
  A red draconian (Depths:4)
  Azrael (Spider:1)
  13 putrid mouths
  A spectral titan (Tar:1)
  6 deep elf annihilators
  9 demonspawn black suns
  5 spark wasps
  3 deep elf demonologists (Elf:3)
  5 halazid warlocks (Tar:1)
  6 green draconians
  3 purple draconians
  10 apis
  3 white draconians
  17 lorocyprocas
  14 dire elephants
  A yellow draconian (Depths:4)
  12 wendigos
  14 bennus
  12 iron golems
  4 crystal guardians (Vaults:4)
  4 merfolk impalers
  11 eidola
  3 spectral quicksilver dragons
  10 fire dragons
  10 green deaths (Pan)
  15 jiangshi
  8 merfolk javelineers (Shoals:4)
  11 ettins
  12 blizzard demons
  Snorg (Lair:3)
  12 deep elf death magi
  A spectral golden dragon (Tar:1)
  9 entropy weavers
  29 mummy priests
  7 yaktaur captains
  13 great orbs of eyes
  6 deep elf high priests
  6 salamander tyrants (Geh:7)
  5 spectral spriggans
  Erolcha (Orc:2)
  A quicksilver dragon skeleton (Crypt:3)
  8 rakshasas
  17 ice dragons
  7 caustic shrike simulacra
  6 spriggan skeletons
  Fannar (Lair:3)
  8 hell beasts
  6 hydras
  3 juggernaut simulacra
  4 peacekeepers
  52 vault guards
  2 catoblepae
  3 spriggan air magi
  5 radroaches
  3 alligator snapping turtles
  5 stokers
  8 centaur warriors
  7 boulder beetles
  4 jorogumos
  4 satyrs
  2 death knights (Crypt:1)
  7 tengu warriors
  A spectral stone giant (Tar:1)
  4 two-headed ogres
  11 demonic crawlers
  18 ironbound frosthearts
  4 merfolk avatars
  A fenstrider witch skeleton (Crypt:3)
  18 death yaks
  12 dancing weapons
  A spectral draconian (Tar:1)
  7 vampire magi
  43 death scarabs
  37 hell hogs
  16 deep troll shamans
  9 merfolk aquamancers
  9 spriggan berserkers
  3 orc high priests (Orc:2)
  A titan zombie (Crypt:1)
  8 deep troll earth magi
  21 deep elf knights
  30 hell knights
  3 spectral nagas
  A shock serpent (shapeshifter) (Depths:2)
  24 soul eaters
  2 spriggans (Depths:2)
  52 sun demons
  2 wretched stars (Abyss:5)
  6 skysharks
  11 crystal echidnas
  A spectral bunyip (Tar:1)
  A storm dragon zombie (Crypt:2)
  12 sixfirhies (Pan)
  16 shadow wraiths
  2 titan skeletons
  3 pharaoh ants
  4 sun moths (Spider:4)
  Amaemon (Lair:3)
  70 skeletal warriors
  4 spectral anacondas
  11 iron trolls
  3 anaconda zombies
  3 flayed ghosts
  6 shadow demons
  62 deep trolls
  7 glowing orange brains
  9 sea snakes
  A storm dragon skeleton (Crypt:3)
  3 quicksilver dragon simulacra
  12 cherubim
  12 orb spiders
  12 wizards
  4 spriggan simulacra
  2 bog bodies
  15 phantasmal warriors
  24 deep elf archers
  3 lindwurms
  An orange crystal statue (IceCv)
  24 deep elf zephyrmancers
  A spectral hydra (Tar:3)
  7 steelbarb worms
  13 orc knights
  An anaconda skeleton (Crypt:3)
  32 harpies
  26 ironbound convokers
  7 necromancers
  A fenstrider witch simulacrum (Coc:1)
  23 wolf spiders
  40 deep elf pyromancers
  A shadow dragon skeleton (Crypt:3)
  7 orc sorcerers
  A spectral ice dragon (Tar:1)
  A cyclops (shapeshifter) (Vaults:5)
  21 fauns
  8 cyclopes
  8 shining eyes
  An eleionoma zombie (Crypt:1)
  61 ugly things
  2 oklob plants (Abyss:5)
  7 moths of wrath
  A spectral ettin (Tar:3)
  19 manticores
  6 water nymphs
  8 elephants (Lair:5)
  A centaur zombie (Tomb:3)
  8 human skeletons
  3 black mambas
  8 merfolk sirens
  A toenail golem (D:12)
  3 eyes of devastation
  13 torpor snails
  11 molten gargoyles
  2 stone giant skeletons
  21 vault sentinels
  4 titan simulacra
  15 smoke demons
  A storm dragon simulacrum (Coc:1)
  3 gargoyles
  2 dire elephant zombies
  A green draconian zombie (Crypt:2)
  8 rust devils
  12 cane toads
  11 komodo dragons
  18 orange demons
  2 dire elephant skeletons
  21 hellions
  15 efreet
  3 unseen horrors
  2 kobold demonologists
  3 bunyip simulacra
  18 rime drakes
  22 tormentors
  7 ice devils
  4 freezing wraiths
  22 yaktaurs
  An alligator snapping turtle skeleton (Tomb:1)
  3 tengu conjurers
  4 iron giant simulacra
  3 naga skeletons
  2 iron troll zombies
  A yaktaur (shapeshifter) (D:13)
  5 red devils
  6 anaconda simulacra
  A black draconian skeleton (Crypt:1)
  An elf skeleton (Vaults:3)
  66 guardian mummies
  16 polar bears
  3 spectral harpies
  4 wind drakes
  2 harpy zombies
  4 golden dragon simulacra
  2 yaktaur skeletons (Vaults:3)
  18 merfolk
  A meliai (Spider:4)
  A meliai (shapeshifter) (Vaults:5)
  3 hornets
  A mana viper skeleton (Crypt:3)
  24 tarantellas
  25 blink frogs
  4 harpy skeletons (Crypt:3)
  10 hellwings (Pan)
  10 trolls
  Grinder (D:5)
  An iron dragon simulacrum (Coc:5)
  4 raiju (Abyss:4)
  21 large abominations
  7 saltlings (Orc:2)
  A stone giant simulacrum (Coc:4)
  17 dream sheep
  A spectral black mamba (Tar:1)
  10 snapping turtles
  110 slime creatures
  An ice dragon zombie (Tomb:1)
  37 flying skulls
  2 ettin skeletons
  21 jumping spiders
  A centaur simulacrum (D:14)
  A shadow (D:11)
  3 air elementals
  10 ushabtiu
  Sigmund (D:4)
  4 wyverns
  9 wraiths
  16 culicivoras
  5 dire elephant simulacra (Coc:7)
  A spriggan (shapeshifter) (Vaults:5)
  12 ynoxinuls
  A black mamba skeleton (Tomb:2)
  42 yaks
  5 vampires
  A basilisk (shapeshifter) (Abyss:4)
  13 water elementals
  4 basilisks
  12 starcursed masses
  2 ice dragon skeletons (Crypt:1)
  5 golden eyes
  14 chaos spawn
  9 fire elementals
  18 neqoxecs (Pan)
  37 redbacks
  5 steam dragons
  2 alligator snapping turtle simulacra (Coc:2)
  Edmund (D:4)
  A fire bat zombie (Crypt:2)
  16 harpy simulacra
  10 water moccasins
  An acid dragon (D:8)
  5 wargs
  Duvessa (D:4)
  A cane toad zombie (Crypt:2)
  3 hydra simulacra
  10 floating eyes
  A glowing shapeshifter skeleton (Vaults:3)
  10 hell hounds
  A two-headed ogre skeleton (Crypt:3)
  A floating eye (shapeshifter) (Vaults:3)
  31 orc warriors
  5 small abominations
  6 ice beasts
  2 sky beasts (D:7)
  An elephant zombie (Crypt:2)
  4 ogres
  14 wolves
  A swamp dragon zombie (Crypt:1)
  3 ettin simulacra
  A hog zombie (Crypt:3)
  3 phantoms
  6 centaurs
  A snapping turtle skeleton (Crypt:3)
  6 bullfrogs
  A rime drake skeleton (Crypt:2)
  10 kobold brigands
  5 necrophages
  2 scorpions
  6 naga simulacra
  2 earth elementals
  Dowan (D:4)
  4 killer bees (D:9)
  A yak skeleton (Crypt:1)
  9 vampire bats (Bailey)
  7 electric eels
  7 howler monkeys
  6 wolf zombies (Bailey)
  7 hounds
  A jelly (D:7)
  A human zombie (Crypt:1)
  11 orc priests
  An iron imp (Abyss:4)
  Natasha (twice) (D:4)
  10 hell rats (Hell)
  7 iguanas
  2 sleepcaps
  20 orc wizards
  An ice beast zombie (Crypt:3)
  A hound skeleton (Crypt:2)
  47 mummies
  Robin (D:4)
  12 gnolls (D:5)
  9 adders
  4 shadow imps
  An ufetubus (D:4)
  A worm zombie (Crypt:2)
  6 worms
  3 dart slugs
  55 orcs
  6 ball pythons
  9 bats
  A bat skeleton (Crypt:3)
  7 endoplasms
  4 giant cockroaches
  19 goblins
  12 hobgoblins
  13 jackals
  2 quokkas (D:4)
  2 frilled lizards (D:1)
  81 kobolds
  11 kobold skeletons (D:9)
  7 kobold zombies (D:9)
  19 orc zombies (Bailey)
  8 rats
  A rat skeleton (Crypt:1)
  3 creeping infernos
  15 fire vortices
  2 spectral weapons
  A starspawn tentacle (Abyss:5)
  6 tentacles
3994 creatures vanquished.

Vanquished Creatures (others)
  Boris (Vaults:5)
  2 shard shrikes
  2 titans
  An eldritch tentacle (Pan)
  A shard shrike simulacrum (Coc:7)
  A very ugly thing (Depths:2)
  A deep elf high priest (Elf:3)
  A caustic shrike simulacrum (Coc:6)
  A hell knight (Hell)
  A deep elf knight (Elf:1)
  2 quicksilver dragon simulacra (Coc:7)
  A spectral anaconda (Tar:1)
  An orb spider (Spider:4)
  A deep elf archer (Depths:2)
  3 spriggan simulacra
  A deep elf pyromancer (Elf:3)
  A manticore (Shoals:4)
  A shining eye (Pan)
  A faun (Shoals:3)
  2 naga simulacra (Coc:7)
  A neqoxec (Pan)
  A harpy simulacrum (Hell)
  An earth elemental (Volcano)
  3 ball lightnings (Pan)
  5 creeping infernos
  A fire vortex (Geh:7)
  178 spectral weapons
  3 starspawn tentacles
  12 tentacles
231 creatures vanquished.

Grand Total: 4225 creatures vanquished

Notes
Turn   | Place    | Note
-------+----------+-------------------------------------------
     0 | D:1      | Flugkiller the Formicid Fighter began the quest for the
                  | Orb.
     0 | D:1      | Reached XP level 1. HP: 18/18 MP: 1/1
   162 | D:1      | Reached XP level 2. HP: 24/24 MP: 2/2
   549 | D:1      | Reached XP level 3. HP: 28/29 MP: 3/3
  1109 | D:2      | Reached XP level 4. HP: 32/37 MP: 4/4
  1415 | D:3      | Identified the ring "Usunenyu" {Int+6 Stlth+}
  1614 | D:3      | Found a faded altar of an unknown god.
  1755 | D:3      | Found a glowing drain.
  1776 | Sewer    | Entered a sewer
  1780 | Sewer    | Reached XP level 5. HP: 42/42 MP: 5/5
  1812 | Sewer    | Noticed a water moccasin
  1825 | Sewer    | Killed a water moccasin
  1826 | Sewer    | Reached XP level 6. HP: 44/49 MP: 6/6
  2199 | D:4      | Noticed Sigmund
  2214 | D:4      | Killed Sigmund
  2215 | D:4      | Reached skill level 5 in Axes
  2215 | D:4      | Reached XP level 7. HP: 48/55 MP: 7/7
  2265 | D:4      | Noticed Robin
  2268 | D:4      | Noticed Duvessa
  2271 | D:4      | Killed Robin
  2273 | D:4      | Noticed Dowan
  2284 | D:4      | Reached skill level 5 in Fighting
  2292 | D:4      | Killed Duvessa
  2293 | D:4      | Reached skill level 5 in Armour
  2311 | D:4      | Killed Dowan
  2415 | D:4      | Noticed Natasha
  2420 | D:4      | Killed Natasha
  2469 | D:4      | Noticed Natasha
  2477 | D:4      | Killed Natasha
  2565 | D:4      | Found Heer Yn Fan's Lightly-Used Armoury.
  2661 | D:4      | Identified the +0 pair of boots of the Flute {rF+ rC+ Int+2
                  | Stlth+}
  2692 | D:4      | Reached XP level 8. HP: 63/63 MP: 8/8
  2882 | D:4      | Noticed Edmund
  2893 | D:4      | Killed Edmund
  3091 | D:5      | Entered Level 5 of the Dungeon
  3104 | D:5      | Found an opulent altar of Gozag.
  3112 | D:5      | Noticed Grinder
  3132 | D:5      | Killed Grinder
  3197 | D:5      | Found Urogef's Armour Shop.
  3245 | D:5      | Found Boeta's Weapon Shoppe.
  3345 | D:5      | Reached XP level 9. HP: 42/71 MP: 9/9
  3675 | D:5      | Found Tifum's Antique Armour Shop.
  3764 | D:5      | Found an iron altar of Okawaru.
  3840 | D:5      | Found Bumela's Book Boutique.
  4101 | D:5      | Found Pyat's Jewellery Boutique.
  4285 | D:6      | Found a glowing silver altar of Zin.
  4332 | D:6      | HP: 2/72 [iguana (4)]
  4528 | D:6      | Found a radiant altar of Vehumet.
  4717 | D:5      | Became a worshipper of Warmaster Okawaru
  4835 | D:6      | Reached skill level 1 in Invocations
  4851 | D:6      | Reached * piety under Okawaru
  4858 | D:6      | Reached XP level 10. HP: 65/80 MP: 11/11
  4867 | D:6      | Found a glowing silver altar of Zin.
  5159 | D:7      | Found a staircase to the Ecumenical Temple.
  5178 | D:7      | Reached skill level 10 in Axes
  5183 | D:7      | Found a flagged portal.
  5207 | Bailey   | Entered a bailey
  5410 | Bailey   | Noticed a gargoyle
  5428 | Bailey   | Killed a gargoyle
  5428 | Bailey   | Reached ** piety under Okawaru
  6515 | D:8      | Noticed a two-headed ogre
  6523 | D:8      | Killed a two-headed ogre
  6523 | D:8      | Reached *** piety under Okawaru
  6524 | D:8      | Reached skill level 5 in Invocations
  6524 | D:8      | Reached XP level 11. HP: 42/89 MP: 11/14
  7100 | D:9      | Found an ancient bone altar of Kikubaaqudgha.
  7124 | D:9      | Reached **** piety under Okawaru
  7467 | D:9      | Identified the +8 quarterstaff of Awkeit {heavy, rF- rC+
                  | Int+4}
  7843 | D:5      | Bought the +9 plate armour "Dimil" {-Cast Rampage Regen+
                  | Dex-2} for 952 gold pieces
  7927 | D:10     | Entered Level 10 of the Dungeon
  7931 | D:10     | Found a staircase to the Lair.
  7956 | D:10     | Found a runed translucent gate.
  7956 | D:10     | Found a runed translucent gate.
  7956 | D:10     | Found a runed translucent gate.
  7971 | D:10     | Noticed Vorhees's ghost (journeyman OpSh)
  7992 | D:10     | Found a bloodstained altar of Trog.
  8122 | D:10     | Noticed a two-headed ogre
  8131 | D:10     | Killed a two-headed ogre
  8444 | D:10     | Found a broken altar of Ashenzari.
  8445 | D:10     | Found an ancient bone altar of Kikubaaqudgha.
  8445 | D:10     | Found a shadowy altar of Dithmenos.
  8446 | D:10     | Found a snail-covered altar of Cheibriados.
  8598 | D:10     | Found a burning altar of Makhleb.
  8717 | D:11     | Noticed a boulder beetle
  8727 | D:11     | Killed a boulder beetle
  8727 | D:11     | Reached ***** piety under Okawaru
  8781 | D:11     | Reached skill level 10 in Armour
  8804 | D:11     | Received a gift from Okawaru
  8805 | D:11     | Reached skill level 10 in Fighting
  8928 | D:11     | Noticed a cyclops
  8938 | D:11     | Killed a cyclops
  8939 | D:11     | Reached XP level 12. HP: 97/97 MP: 17/17
  8985 | D:11     | Noticed a boulder beetle
  8993 | D:11     | Killed a boulder beetle
  9030 | D:11     | Found an opulent altar of Gozag.
  9276 | Lair:1   | Entered Level 1 of the Lair of Beasts
  9521 | Lair:1   | Found a dark tunnel.
  9530 | Volcano  | Entered a volcano
  9647 | Volcano  | Reached ****** piety under Okawaru
  9741 | Volcano  | Received a gift from Okawaru
 10180 | D:3      | Acquired a +4 executioner's axe of electrocution
 10180 | D:3      | Received a gift from Okawaru
 10386 | Lair:1   | Noticed Gastronok
 10403 | Lair:1   | Killed Gastronok
 10404 | Lair:1   | Reached XP level 13. HP: 70/106 MP: 19/19
 10922 | Lair:2   | Received a gift from Okawaru
 10985 | Lair:2   | Noticed a seven-headed hydra
 11008 | Lair:2   | Killed a 13-headed hydra
 11362 | Lair:2   | Reached skill level 5 in Shields
 11632 | Lair:2   | Found a staircase to the Shoals.
 11826 | D:5      | Bought a pair of runed gloves for 135 gold pieces
 12233 | Lair:3   | Noticed Fannar
 12253 | Lair:3   | Killed Fannar
 12253 | Lair:3   | Received a gift from Okawaru
 12282 | Lair:3   | Found a hole to the Spider Nest.
 12384 | Lair:3   | Reached skill level 10 in Invocations
 12475 | Lair:3   | Noticed Snorg
 12489 | Lair:3   | Killed Snorg
 12536 | Lair:3   | Reached XP level 14. HP: 113/115 MP: 21/21
 12606 | Lair:3   | Received a gift from Okawaru
 12607 | Lair:3   | Reached skill level 15 in Axes
 12785 | Lair:3   | Noticed Amaemon
 12795 | Lair:3   | Killed Amaemon
 13094 | Lair:4   | Identified the +1 hand axe of Exquisite Torment {freeze,
                  | rF- Will+ Int+2 Dex+2}
 13207 | Lair:4   | Found a staircase to the Slime Pits.
 13706 | Lair:5   | Entered Level 5 of the Lair of Beasts
 13719 | Lair:5   | Received a gift from Okawaru
 14051 | Lair:5   | Acquired the +10 gold dragon scales "Nuiligosch" {Fly rPois
                  | rF+ rC+}
 14051 | Lair:5   | Received a gift from Okawaru
 14134 | Lair:5   | Received a gift from Okawaru
 14260 | Lair:5   | Reached XP level 15. HP: 123/123 MP: 22/22
 14266 | Lair:5   | Found a snail-covered altar of Cheibriados.
 14628 | Lair:5   | Received a gift from Okawaru
 14688 | Lair:5   | Identified the +7 war axe "Utra" {freeze, rElec rC- rN+
                  | Int+7}
 15017 | D:12     | Received a gift from Okawaru
 15234 | D:12     | Reached skill level 10 in Shields
 15725 | D:12     | Found a staircase to the Orcish Mines.
 15901 | D:13     | Found Romnuakh's Assorted Antiques.
 16020 | D:13     | Found Xidd's General Store.
 16194 | D:13     | Found Tejiahid's Weapon Emporium.
 16406 | D:13     | Found a large runed translucent door.
 16408 | D:13     | Found a large runed translucent door.
 16452 | D:13     | Found Dasannuck's Antique Weapon Shop.
 16484 | D:13     | Found Joipn's Jewellery Emporium.
 16599 | D:13     | Identified the +0 leather armour "Ediol" {Will+}
 16784 | D:14     | Received a gift from Okawaru
 16799 | D:14     | Got a levitating book
 17181 | D:14     | Found a gate to the Vaults.
 17201 | D:14     | Received a gift from Okawaru
 17242 | D:14     | Reached XP level 16. HP: 69/133 MP: 23/23
 17394 | Arena    | Entered the Arena
 17453 | D:14     | Found Xielopno's Weapon Boutique.
 17646 | D:15     | Entered Level 15 of the Dungeon
 17725 | D:15     | Found a staircase to the Depths.
 17830 | D:15     | Received a gift from Okawaru
 18454 | D:15     | Found a snail-covered altar of Cheibriados.
 18615 | Orc:1    | Entered Level 1 of the Orcish Mines
 19038 | Orc:2    | Entered Level 2 of the Orcish Mines
 19088 | Orc:2    | Received a gift from Okawaru
 19148 | Orc:2    | Found a staircase to the Elven Halls.
 19454 | Orc:2    | Found Cetwig's Jewellery Emporium.
 19474 | Orc:2    | Found Erchatua's Antique Armour Boutique.
 19483 | Orc:2    | Reached skill level 15 in Fighting
 19490 | Orc:2    | Gained mutation: You occasionally shout uncontrollably at
                  | your foes. [a neqoxec]
 19492 | Orc:2    | Reached skill level 15 in Armour
 19498 | Orc:2    | Found Ituts's Magic Scroll Boutique.
 19510 | Orc:2    | Bought an embroidered cloak for 247 gold pieces
 19596 | Orc:2    | Noticed Erolcha
 19612 | Orc:2    | Killed Erolcha
 19840 | Orc:2    | Found Fahei's Weapon Shop.
 19847 | Orc:2    | Identified a scroll of acquirement
 19851 | Orc:2    | Acquired 785 gold pieces
 20056 | Spider:1 | Entered Level 1 of the Spider Nest
 20057 | Spider:1 | Noticed Azrael
 20082 | Spider:1 | Killed Azrael
 20408 | Spider:1 | Noticed an emperor scorpion
 20415 | Spider:1 | Killed an emperor scorpion
 20415 | Spider:1 | Received a gift from Okawaru
 20622 | Spider:1 | Reached XP level 17. HP: 142/142 MP: 24/24
 21631 | Spider:2 | Received a gift from Okawaru
 22179 | Spider:3 | Received a gift from Okawaru
 22218 | Spider:3 | Noticed Mlioglotl
 22233 | Spider:3 | Noticed a tentacled starspawn
 22235 | Spider:3 | Killed Mlioglotl
 22347 | Spider:3 | Received a gift from Okawaru
 22592 | Spider:4 | Entered Level 4 of the Spider Nest
 22701 | Spider:4 | Reached XP level 18. HP: 79/151 MP: 22/25
 22723 | Spider:4 | Received a gift from Okawaru
 22917 | Spider:4 | Received a gift from Okawaru
 23187 | Spider:4 | Found a frozen archway.
 23200 | IceCv    | Entered an ice cave
 23420 | IceCv    | Received a gift from Okawaru
 23456 | IceCv    | Identified the +4 mace of Greed {drain, rElec rN+++ Dex-3
                  | Stlth-}
 23897 | Spider:4 | Reached XP level 19. HP: 161/161 MP: 19/26
 23922 | Spider:4 | Received a gift from Okawaru
 24160 | Spider:4 | Got a gossamer rune of Zot
 24324 | Shoals:1 | Entered Level 1 of the Shoals
 24413 | Arena    | Entered the Arena
 24792 | Shoals:1 | Noticed Jorgrun
 24807 | Shoals:1 | Killed Jorgrun
 25133 | Shoals:2 | Found Fil Kurph's Distillery.
 25151 | Shoals:2 | Bought a potion of cancellation for 136 gold pieces
 25151 | Shoals:2 | Bought a potion of cancellation for 136 gold pieces
 25151 | Shoals:2 | Bought a potion of curing for 51 gold pieces
 25181 | Shoals:2 | Bought a potion of might for 68 gold pieces
 25517 | Abyss:3  | Found a corrupted altar of Lugonu.
 25517 | Abyss:3  | Cast into level 3 of the Abyss (merfolk impaler)
 25529 | Abyss:3  | Received a gift from Okawaru
 25548 | Shoals:2 | Escaped the Abyss
 26013 | Shoals:2 | Noticed a titan
 26034 | Shoals:2 | Killed a titan
 26198 | Shoals:3 | Received a gift from Okawaru
 26558 | Arena    | Entered the Arena
 26697 | Shoals:3 | Reached XP level 20. HP: 152/166 MP: 27/27
 26918 | Shoals:4 | Entered Level 4 of the Shoals
 26918 | Shoals:4 | Noticed Polyphemus
 26950 | Shoals:4 | Killed Polyphemus
 27020 | Shoals:4 | Received a gift from Okawaru
 27033 | Shoals:4 | Found a white marble altar of Elyvilon.
 27093 | Shoals:4 | Got a humming book
 27220 | Shoals:4 | Identified the +0 ring mail "Zuyl" {*Slow Regen+ Dex+3}
 27232 | Shoals:4 | Found a glowing golden altar of the Shining One.
 27277 | Shoals:4 | Identified the +1 demon trident of the Fray {flame, Str+5}
 27460 | Shoals:4 | Found a glowing silver altar of Zin.
 27486 | Arena    | Entered the Arena
 27538 | Shoals:4 | Received a gift from Okawaru
 27569 | Shoals:4 | Got a barnacled rune of Zot
 27571 | Shoals:4 | Identified the +5 scimitar of Analysis {heavy, Fly Int-4
                  | SInv}
 28015 | Vaults:1 | Entered Level 1 of the Vaults
 28359 | Vaults:1 | Noticed Norris
 28375 | Vaults:1 | Killed Norris
 28401 | Vaults:1 | Received a gift from Okawaru
 28487 | Vaults:1 | Identified the +4 orcbow "Nuath" {drain, Fragile rN+ Int+4
                  | Stlth+}
 28493 | Vaults:1 | Reached XP level 21. HP: 180/180 MP: 28/28
 28932 | Vaults:1 | Found a transporter.
 28943 | Vaults:1 | Found a transporter.
 29251 | Vaults:2 | Received a gift from Okawaru
 29273 | Vaults:2 | Noticed Saint Roka
 29281 | Vaults:2 | Killed Saint Roka
 29417 | Vaults:2 | Noticed Margery
 29423 | Vaults:2 | Killed Margery
 29573 | Vaults:2 | Noticed Asterion
 29582 | Vaults:2 | Killed Asterion
 29582 | Vaults:2 | Received a gift from Okawaru
 29960 | Vaults:3 | Reached XP level 22. HP: 192/192 MP: 29/29
 30093 | Vaults:3 | Received a gift from Okawaru
 30474 | Vaults:3 | Received a gift from Okawaru
 30776 | Vaults:3 | Reached skill level 1 in Throwing
 30776 | Vaults:3 | Reached skill level 1 in Dodging
 30831 | Vaults:3 | Found a staircase to the Crypt.
 30919 | Vaults:4 | Received a gift from Okawaru
 31088 | Vaults:4 | Reached XP level 23. HP: 102/201 MP: 31/31
 31089 | Vaults:4 | Received a gift from Okawaru
 31369 | Vaults:4 | Found a portal to a secret trove of treasure.
 32041 | Vaults:5 | Entered Level 5 of the Vaults
 32057 | Arena    | Entered the Arena
 32133 | Vaults:5 | Received a gift from Okawaru
 32136 | Vaults:5 | Noticed Boris
 32145 | Vaults:5 | Killed Boris
 32146 | Vaults:5 | Reached skill level 5 in Throwing
 32195 | Vaults:5 | Reached skill level 5 in Dodging
 32241 | Vaults:5 | Got a silver rune of Zot
 32273 | Vaults:5 | Identified the +6 glaive "Ughubrir" {drain, Dex+2}
 32316 | Vaults:5 | Identified the +12 plate armour "Kimul" {rF- Dex+4}
 32339 | Vaults:5 | Identified the +0 leather armour "Kahet" {SInv}
 32402 | Vaults:5 | Found Mayf's Antique Armour Shoppe.
 32402 | Vaults:5 | Noticed a golden dragon
 32410 | Vaults:5 | Killed a golden dragon
 32507 | Vaults:5 | Received a gift from Okawaru
 32514 | Vaults:5 | Reached XP level 24. HP: 207/210 MP: 32/32
 32648 | Vaults:5 | Found Loal's Distillery.
 32653 | Vaults:5 | Bought a potion of ambrosia for 128 gold pieces
 32653 | Vaults:5 | Bought a potion of ambrosia for 128 gold pieces
 32653 | Vaults:5 | Bought a potion of curing for 48 gold pieces
 32781 | Vaults:5 | Identified the ring "Cepioxisio" {rC+ Str+2 Int+5}
 32898 | Vaults:5 | Found Vaasoyl's Antique Armour Boutique.
 33719 | Slime:1  | Entered Level 1 of the Pits of Slime
 33730 | Slime:1  | Gained mutation: You are dopey. (Int -2) [a shining eye]
 33736 | Slime:1  | Gained mutation: You are clumsy. (Dex -2) [a shining eye]
 33738 | Slime:1  | Gained mutation: You frequently scream uncontrollably at
                  | your foes. [a shining eye]
 33784 | Slime:2  | Received a gift from Okawaru
 33816 | Slime:3  | Gained mutation: You occasionally lose the ability to drink
                  | potions when taking damage. [a shining eye]
 33817 | Slime:3  | Gained mutation: You are frail. (-10% HP) [a shining eye]
 33819 | Slime:3  | Gained mutation: Your magical capacity is low. (-10% MP) [a
                  | shining eye]
 34105 | Slime:5  | Entered Level 5 of the Pits of Slime
 34127 | Slime:5  | Reached skill level 15 in Shields
 34172 | Slime:5  | Noticed the Royal Jelly
 34184 | Slime:5  | Killed the Royal Jelly
 34184 | Slime:5  | Received a gift from Okawaru
 34230 | Arena    | Entered the Arena
 34265 | Arena    | Entered the Arena
 34326 | Arena    | Entered the Arena
 34471 | Slime:5  | Got a well-preserved book
 34473 | Slime:5  | Got a slimy rune of Zot
 34482 | Slime:5  | Identified the +4 plate armour "Moloubyi" {Int+5 Dex-2
                  | Stlth+}
 34487 | Slime:5  | Identified the +4 arbalest "Opoa" {flame, rN+}
 34580 | Slime:5  | Got a whispering book
 34618 | Slime:5  | Reached XP level 25. HP: 197/197 MP: 29/29
 34661 | Slime:5  | Reached XP level 26. HP: 203/203 MP: 29/29
 34758 | Slime:5  | Found the +8 Vampire's Tooth {megavamp}
 34786 | Slime:5  | Identified the amulet of Jeromuup {RegenMP Rampage SInv
                  | Stlth+}
 34796 | Slime:5  | Identified the amulet of the Albatross {Reflect Int+5 SH+5}
 34799 | Slime:5  | Identified the +7 hand axe "Gumunair" {venom, *Noise Int+6}
 35643 | D:6      | Fell from the grace of Okawaru
 35643 | D:6      | Became a worshipper of Zin the Law-Giver
 35643 | D:6      | Reached * piety under Zin
 35643 | D:6      | Reached ** piety under Zin
 35885 | Vaults:1 | Donated 1882 gold pieces to Zin
 35905 | Vaults:1 | Reached *** piety under Zin
 35974 | Crypt:1  | Entered Level 1 of the Crypt
 35977 | Crypt:1  | Noticed Jory
 35986 | Crypt:1  | Killed Jory
 36003 | Crypt:1  | Reached **** piety under Zin
 36115 | Crypt:1  | Reached ***** piety under Zin
 36358 | Crypt:1  | Found a shadowy altar of Dithmenos.
 36885 | Crypt:2  | Reached ****** piety under Zin
 37066 | Crypt:2  | Lost mutation: You frequently scream uncontrollably at your
                  | foes. [potion of mutation]
 37066 | Crypt:2  | Lost mutation: You occasionally lose the ability to drink
                  | potions when taking damage. [potion of mutation]
 37066 | Crypt:2  | Lost mutation: You are clumsy. (Dex -2) [potion of
                  | mutation]
 37067 | Crypt:2  | Lost mutation: You occasionally shout uncontrollably at
                  | your foes. [potion of mutation]
 37067 | Crypt:2  | Lost mutation: You are dopey. (Int -2) [potion of mutation]
 37068 | Crypt:2  | Lost mutation: You are frail. (-10% HP) [potion of
                  | mutation]
 37068 | Crypt:2  | Lost mutation: Your magical capacity is low. (-10% MP)
                  | [potion of mutation]
 37193 | Crypt:2  | Reached skill level 15 in Invocations
 37472 | Depths:1 | Entered Level 1 of the Depths
 37585 | Depths:1 | Reached skill level 10 in Throwing
 37846 | Depths:1 | Found a gateway to Hell.
 37977 | Depths:1 | Found Qusib's Distillery.
 37980 | Depths:1 | Bought a potion of mutation for 112 gold pieces
 37980 | Depths:1 | Bought a potion of ambrosia for 112 gold pieces
 38269 | Depths:2 | Reached XP level 27. HP: 210/236 MP: 35/35
 38312 | Depths:2 | Found a one-way gate leading to the halls of Pandemonium.
 38516 | Depths:2 | Found Loitwiva's CLEARANCE SALE!.
 38559 | Depths:2 | Found a one-way gate to the infinite horrors of the Abyss.
 38561 | Depths:2 | Acquired a manual of Dodging
 38712 | Depths:2 | Found a corrupted altar of Lugonu.
 38779 | Depths:2 | Noticed an ancient lich
 38779 | Depths:2 | Noticed a dread lich
 38882 | Depths:2 | Found a transporter.
 38883 | Depths:2 | Found a transporter.
 39591 | Depths:3 | Found a transporter.
 39646 | Depths:3 | Identified the ring "Serutet" {rPois Dex+2 Slay+2}
 39734 | Depths:3 | Noticed Sojobo
 39737 | Depths:3 | Was forgiven by Okawaru
 39744 | Depths:3 | Killed Sojobo
 39780 | Depths:3 | Identified the ring "Coheyxar" {rF+ rCorr Str+4}
 39812 | Depths:3 | Found a transporter.
 39825 | Depths:3 | Found Okhlyred's Antique Armour Boutique.
 39871 | Depths:3 | Identified the ring "Xaar" {Wiz Stlth+}
 40146 | Depths:4 | Entered Level 4 of the Depths
 40173 | Depths:4 | Identified the +1 ring mail of Responsibility {Str+3}
 40217 | Depths:4 | Identified the +0 plate armour of the Will of the Gods
                  | {Harm}
 40247 | Depths:4 | Noticed Boris
 40255 | Depths:4 | Killed Boris
 40301 | Depths:4 | Found a hide-covered altar of Uskayaw.
 40321 | Depths:4 | Noticed Grunn
 40329 | Depths:4 | Killed Grunn
 40454 | Depths:4 | Noticed a juggernaut
 40461 | Depths:4 | Killed a juggernaut
 40497 | Depths:4 | Found a gate to the Realm of Zot.
 41016 | Elf:1    | Entered Level 1 of the Elven Halls
 41034 | Elf:1    | Identified the +4 falchion "Bouprek" {elec, rPois rC+}
 41489 | Elf:1    | Found Lown's Book Emporium.
 41578 | Elf:2    | Found a runed translucent gate.
 41580 | Elf:2    | Found a runed translucent gate.
 41581 | Elf:2    | Found a runed translucent gate.
 41592 | Elf:2    | Found a runed translucent gate.
 41592 | Elf:2    | Found a runed translucent gate.
 41592 | Elf:2    | Found a runed translucent gate.
 41652 | Elf:3    | Entered Level 3 of the Elven Halls
 41760 | Elf:3    | Noticed Bai Suzhen
 41766 | Elf:3    | Killed Bai Suzhen
 41879 | Elf:3    | Got a rare book
 41906 | Elf:3    | Noticed Roxanne
 41914 | Elf:3    | Killed Roxanne
 42702 | Elf:3    | Identified the +11 halberd of Cheibriados's Whim {freeze,
                  | rPois rCorr Int-5 SInv}
 42716 | Elf:3    | Got a curling book
 42737 | Elf:3    | Got a clothbound book
 42844 | Elf:3    | Identified the ring "Yxeo" {rN+ Str+2}
 42860 | Elf:3    | Identified the +9 spear "Juan Anu" {freeze, Str+3}
 42903 | Elf:3    | Identified the ring "Doselij" {rC+ Str+6 Stlth+}
 42937 | Elf:3    | Identified the +8 rapier of Sharp Honour {flame, rN+ Int+4
                  | Stlth+}
 43369 | Pan      | Entered Pandemonium
 43490 | Pan      | Found a transporter.
 43537 | Pan      | Found a transporter.
 43578 | Pan      | Identified the ring "Mulorph" {*Slow rC+ AC+4 Int+7}
 43596 | Pan      | Identified the +0 pair of boots "Feliblid" {rN+ Int-5 Dex+3
                  | Stlth+}
 43600 | Pan      | Identified the amulet of Noon {Acrobat Str+3 Int+6 Dex+3}
 43603 | Pan      | Identified the ring "Fohats" {Will+ SInv}
 44272 | Pan      | Noticed Zeuneonni the pandemonium lord
 44363 | Pan      | Noticed Sonu the pandemonium lord
 44384 | Pan      | Killed Sonu the pandemonium lord
 44588 | Pan      | Identified the +0 plate armour "Inouleakk" {+Inv Dex+7
                  | Slay-4}
 44593 | Pan      | Entered the realm of Cerebov.
 45154 | Pan      | Found the +6 sword of Cerebov {flame}
 45154 | Pan      | Noticed Cerebov
 45236 | Pan      | Identified the +7 flail of the Battered Runes {spect, *Slow
                  | rCorr MP+9}
 45245 | Pan      | Identified the +1 robe of Limitation {Will+}
 45356 | Pan      | Identified the +9 war axe of Demonkind {venom, rCorr}
 45495 | Pan      | Identified the amulet "Ezomoz" {Spirit -Tele rN+++ Str+2}
 45503 | Pan      | Identified the +10 orcbow of Tubex {freeze, Will+ Int+3}
 45571 | Pan      | Identified the +3 chain mail of Lies {Will+}
 45646 | Pan      | Got a moth-eaten book
 45658 | Pan      | Identified the +8 whip of Kismet {flame, Fly}
 45700 | Pan      | Identified the +0 pair of boots of the Chimera {Contam Harm
                  | rF++ rN+}
 45756 | Pan      | Killed Cerebov
 45765 | Pan      | Got a fiery rune of Zot
 45909 | Pan      | Entered the realm of Mnoleg.
 46149 | Pan      | Found an exit through the horrors of the Abyss.
 46204 | Pan      | Noticed Mnoleg
 46228 | Pan      | Killed Mnoleg
 46494 | Pan      | Got a glowing rune of Zot
 47036 | Pan      | Found a glowing golden altar of the Shining One.
 47040 | Pan      | Noticed a seraph
 47108 | Pan      | Identified the +5 buckler "Faabu" {Rampage rPois rN+ Str-2}
 47113 | Pan      | Killed a seraph
 47116 | Pan      | Reached skill level 27 in Invocations
 47305 | Pan      | Got a disorganized book
 47311 | Pan      | Identified the staff "Taes Kock" {rF+ Dex+4 Fire}
 47312 | Pan      | Identified the ring "Cogop" {Str+6 Dex+4}
 47314 | Pan      | Identified the amulet "Amuec" {Rampage rN++ Regen+ Dex-4}
 47317 | Pan      | Identified the +2 shortbow "Ceedor" {freeze, Will+ Int-4
                  | Dex+3}
 47319 | Pan      | Identified the ring "Zuckah" {Int+6 Dex+3}
 47322 | Pan      | Identified the staff "Nuditode" {rPois Dex+3 Poison}
 47363 | Pan      | Got a demonic rune of Zot
 47475 | Pan      | Identified the +0 tower shield "Nimmegg" {-Cast Will+
                  | Regen+ SInv}
 47546 | Pan      | Found a glowing silver altar of Zin.
 47972 | Depths:2 | Escaped Pandemonium
 47998 | Pan      | Entered Pandemonium
 48033 | Pan      | Noticed Celleut the pandemonium lord
 48111 | Pan      | Noticed Feonuno the pandemonium lord
 48125 | Pan      | Killed Feonuno the pandemonium lord
 48136 | Pan      | Reached skill level 10 in Dodging
 48148 | Pan      | Entered the realm of Lom Lobon.
 48148 | Pan      | Noticed Lom Lobon
 48184 | Pan      | Killed Lom Lobon
 48192 | Pan      | Got a magical rune of Zot
 48472 | Pan      | Entered the realm of Gloorx Vloq.
 48602 | Pan      | Noticed Gloorx Vloq
 48641 | Pan      | Reached skill level 15 in Throwing
 48922 | Pan      | Killed Gloorx Vloq
 48977 | Pan      | Got a dark rune of Zot
 49140 | Pan      | Found an exit through the horrors of the Abyss.
 49147 | Pan      | Took an exit into the Abyss.
 49147 | Abyss:3  | Escaped into the Abyss
 49147 | Abyss:3  | Found a corrupted altar of Lugonu.
 49147 | Abyss:3  | Found a snail-covered altar of Cheibriados.
 49253 | Abyss:5  | Found a corrupted altar of Lugonu.
 49361 | Abyss:5  | Got an abyssal rune of Zot
 49368 | Depths:2 | Escaped the Abyss
 49451 | Hell     | Entered the Vestibule of Hell
 49454 | Hell     | Noticed Geryon
 49619 | Hell     | Reached skill level 27 in Armour
 49874 | Hell     | Killed Geryon
 49966 | Hell     | Found a gateway to the Iron City of Dis.
 50042 | Hell     | Found a gateway to the freezing wastes of Cocytus.
 50145 | Hell     | Found a gateway to the decaying netherworld of Tartarus.
 50201 | Hell     | Found a gateway to the ashen valley of Gehenna.
 50376 | Geh:1    | Entered Level 1 of Gehenna
 50690 | Geh:7    | Entered Level 7 of Gehenna
 51331 | Geh:7    | Reached skill level 27 in Fighting
 51443 | Geh:7    | Found the +13 sceptre of Asmodeus
 51443 | Geh:7    | Noticed Asmodeus
 51458 | Geh:7    | Killed Asmodeus
 51484 | Geh:7    | Got an obsidian rune of Zot
 51662 | Dis:1    | Entered Level 1 of the Iron City of Dis
 52102 | Dis:7    | Entered Level 7 of the Iron City of Dis
 52374 | Dis:7    | Noticed a juggernaut
 52423 | Dis:7    | Killed a juggernaut
 53625 | Dis:7    | Noticed a juggernaut
 53636 | Dis:7    | Killed a juggernaut
 53901 | Dis:7    | Noticed a juggernaut
 53909 | Dis:7    | Killed a juggernaut
 53990 | Dis:7    | Noticed the Serpent of Hell
 54387 | Dis:7    | Killed the Serpent of Hell
 54458 | Dis:7    | Noticed Dispater
 54477 | Dis:7    | Killed Dispater
 54510 | Dis:7    | Got an iron rune of Zot
 54667 | Coc:1    | Entered Level 1 of Cocytus
 54801 | Coc:2    | Reached skill level 15 in Dodging
 55041 | Coc:5    | Noticed a shard shrike
 55042 | Coc:5    | Noticed a shard shrike
 55042 | Coc:5    | Noticed a shard shrike
 55042 | Coc:5    | Noticed a shard shrike
 55043 | Coc:5    | Noticed a shard shrike
 55045 | Coc:5    | Noticed a shard shrike
 55047 | Coc:5    | Killed a shard shrike
 55047 | Coc:5    | Noticed a shard shrike
 55050 | Coc:5    | Noticed a shard shrike
 55052 | Hell     | Killed a shard shrike
 55052 | Hell     | Killed a shard shrike
 55055 | Hell     | Killed a shard shrike
 55056 | Hell     | Killed a shard shrike
 55389 | Coc:5    | Killed a shard shrike
 55394 | Coc:5    | Killed a shard shrike
 55399 | Coc:5    | Killed a shard shrike
 55570 | Coc:6    | Noticed a shard shrike
 55571 | Coc:6    | Noticed a shard shrike
 55571 | Coc:6    | Noticed a shard shrike
 55576 | Coc:6    | Killed a shard shrike
 55579 | Coc:6    | Killed a shard shrike
 55582 | Coc:6    | Killed a shard shrike
 55695 | Coc:7    | Entered Level 7 of Cocytus
 55800 | Coc:7    | Noticed a shard shrike
 55805 | Coc:7    | Noticed a shard shrike
 55806 | Coc:7    | Killed a shard shrike
 55811 | Coc:7    | Killed a shard shrike
 56056 | Coc:7    | Noticed a shard shrike
 56057 | Coc:7    | Noticed a shard shrike
 56057 | Coc:7    | Noticed a shard shrike
 56059 | Coc:7    | Killed a shard shrike
 56060 | Coc:7    | Killed a shard shrike
 56070 | Coc:7    | Killed a shard shrike
 56095 | Coc:7    | Noticed a shard shrike
 56100 | Coc:7    | Noticed a shard shrike
 56101 | Coc:7    | Killed a shard shrike
 56102 | Coc:7    | Noticed a shard shrike
 56103 | Coc:7    | Noticed a shard shrike
 56105 | Coc:7    | Killed a shard shrike
 56109 | Coc:7    | Killed a shard shrike
 56112 | Coc:7    | Killed a shard shrike
 56113 | Coc:7    | Noticed a shard shrike
 56122 | Coc:7    | Killed a shard shrike
 56134 | Coc:7    | Noticed a shard shrike
 56142 | Coc:7    | Killed a shard shrike
 56152 | Coc:7    | Noticed a shard shrike
 56153 | Coc:7    | Noticed a shard shrike
 56153 | Coc:7    | Noticed a shard shrike
 56159 | Coc:7    | Killed a shard shrike
 56160 | Coc:7    | Killed a shard shrike
 56163 | Coc:7    | Killed a shard shrike
 56421 | Coc:7    | Noticed a shard shrike
 56421 | Coc:7    | Noticed a shard shrike
 56427 | Coc:7    | Killed a shard shrike
 56431 | Coc:7    | Killed a shard shrike
 56585 | Coc:7    | Noticed Antaeus
 56614 | Coc:7    | Killed Antaeus
 56652 | Coc:7    | Got an icy rune of Zot
 57015 | Tar:1    | Entered Level 1 of Tartarus
 57377 | Tar:2    | Found a huge runed gate.
 57377 | Tar:2    | Found a huge runed gate.
 57377 | Tar:2    | Found a huge runed gate.
 57377 | Tar:2    | Found a huge runed gate.
 57377 | Tar:2    | Found a huge runed gate.
 57377 | Tar:2    | Found a huge runed gate.
 57377 | Tar:2    | Found a huge runed gate.
 57377 | Tar:2    | Found a huge runed gate.
 57377 | Tar:2    | Found a huge runed gate.
 57377 | Tar:2    | Found a huge runed gate.
 57454 | Tar:2    | Found a huge runed gate.
 57454 | Tar:2    | Found a huge runed gate.
 57454 | Tar:2    | Found a huge runed gate.
 57454 | Tar:2    | Found a huge runed gate.
 57454 | Tar:2    | Found a huge runed gate.
 57454 | Tar:2    | Found a huge runed gate.
 57455 | Tar:2    | Found a huge runed gate.
 57456 | Tar:2    | Found a huge runed gate.
 57457 | Tar:2    | Found a huge runed gate.
 57529 | Tar:2    | Found a huge runed gate.
 57529 | Tar:2    | Found a huge runed gate.
 57529 | Tar:2    | Found a huge runed gate.
 57529 | Tar:2    | Found a huge runed gate.
 57529 | Tar:2    | Found a huge runed gate.
 57530 | Tar:2    | Found a huge runed gate.
 57531 | Tar:2    | Found a huge runed gate.
 57532 | Tar:2    | Found a huge runed gate.
 57533 | Tar:2    | Found a huge runed gate.
 57541 | Tar:2    | Found a huge runed gate.
 57541 | Tar:2    | Found a huge runed gate.
 57541 | Tar:2    | Found a huge runed gate.
 57541 | Tar:2    | Found a huge runed gate.
 57541 | Tar:2    | Found a huge runed gate.
 57541 | Tar:2    | Found a huge runed gate.
 57542 | Tar:2    | Found a huge runed gate.
 57543 | Tar:2    | Found a huge runed gate.
 58844 | Tar:7    | Entered Level 7 of Tartarus
 59319 | Tar:7    | Noticed Ereshkigal
 59346 | Tar:7    | Killed Ereshkigal
 59480 | Tar:7    | Got a bone rune of Zot
 60535 | Crypt:3  | Entered Level 3 of the Crypt
 60751 | Crypt:3  | Found a staircase to the Tomb.
 61186 | Crypt:3  | Found an ancient bone altar of Kikubaaqudgha.
 61204 | Crypt:3  | Identified the ring of Hotzoodd {*Slow AC+4 Str+4}
 61205 | Crypt:3  | Noticed an ancient lich
 61213 | Crypt:3  | Killed an ancient lich
 61750 | Tomb:1   | Entered Level 1 of the Tomb of the Ancients
 62382 | Tomb:1   | Reached skill level 27 in Throwing
 62635 | Tomb:2   | Noticed a royal mummy
 62637 | Tomb:2   | Noticed a royal mummy
 62639 | Tomb:2   | Noticed a royal mummy
 62641 | Tomb:2   | Reached skill level 27 in Shields
 62643 | Tomb:2   | Noticed a royal mummy
 62656 | Tomb:2   | Killed a royal mummy
 62744 | Tomb:2   | Killed a royal mummy
 62749 | Tomb:2   | Killed a royal mummy
 62757 | Tomb:2   | Killed a royal mummy
 63228 | Tomb:1   | Noticed a royal mummy
 63230 | Tomb:1   | Noticed a royal mummy
 63235 | Tomb:1   | Killed a royal mummy
 63236 | Tomb:1   | Noticed a royal mummy
 63238 | Tomb:1   | Noticed a royal mummy
 63245 | Tomb:1   | Noticed a royal mummy
 63251 | Tomb:1   | Killed a royal mummy
 63252 | Tomb:1   | Killed a royal mummy
 63257 | Tomb:1   | Killed a royal mummy
 63257 | Tomb:1   | Noticed a royal mummy
 63263 | Tomb:1   | Killed a royal mummy
 63264 | Tomb:1   | Killed a royal mummy
 63387 | Tomb:1   | Noticed a royal mummy
 63393 | Tomb:1   | Killed a royal mummy
 63398 | Tomb:1   | Noticed a royal mummy
 63405 | Tomb:1   | Killed a royal mummy
 63440 | Tomb:1   | Noticed a royal mummy
 63447 | Tomb:1   | Killed a royal mummy
 63469 | Tomb:1   | Gained mutation: You occasionally lose the ability to drink
                  | potions when taking damage. [mutagenic glow]
 63509 | Tomb:1   | Lost mutation: You occasionally lose the ability to drink
                  | potions when taking damage. [potion of mutation]
 63544 | Tomb:1   | Noticed a royal mummy
 63544 | Tomb:1   | Noticed a royal mummy
 63545 | Tomb:1   | Noticed a royal mummy
 63550 | Tomb:1   | Killed a royal mummy
 63551 | Tomb:1   | Killed a royal mummy
 63552 | Tomb:1   | Noticed a royal mummy
 63553 | Tomb:1   | Noticed a royal mummy
 63556 | Tomb:1   | Killed a royal mummy
 63558 | Tomb:1   | Killed a royal mummy
 63560 | Tomb:1   | Noticed a royal mummy
 63636 | Tomb:1   | Killed a royal mummy
 63759 | Tomb:1   | Noticed a royal mummy
 63765 | Tomb:1   | Killed a royal mummy
 63773 | Tomb:1   | Killed a royal mummy
 64161 | Tomb:3   | Entered Level 3 of the Tomb of the Ancients
 64173 | Tomb:3   | Found the ring of Shadows {Umbra +Inv Stlth+}
 64285 | Tomb:3   | Noticed a royal mummy
 64291 | Tomb:3   | Noticed a royal mummy
 64302 | Tomb:3   | Noticed a royal mummy
 64303 | Tomb:3   | Killed a royal mummy
 64307 | Tomb:3   | Killed a royal mummy
 64309 | Tomb:3   | Noticed a royal mummy
 64314 | Tomb:3   | Killed a royal mummy
 64316 | Tomb:3   | Noticed a royal mummy
 64317 | Tomb:3   | Noticed a royal mummy
 64323 | Tomb:3   | Killed a royal mummy
 64328 | Tomb:3   | Killed a royal mummy
 64331 | Tomb:3   | Noticed a royal mummy
 64338 | Tomb:3   | Killed a royal mummy
 64340 | Tomb:3   | Noticed a royal mummy
 64345 | Tomb:3   | Killed a royal mummy
 64355 | Tomb:3   | Noticed a royal mummy
 64356 | Tomb:3   | Killed a royal mummy
 64359 | Tomb:3   | Found the +3 greatsling "Punk" {acid, rCorr}
 64481 | Tomb:3   | Killed a royal mummy
 64650 | Tomb:3   | Identified the +3 quarterstaff of Losof {heavy, rPois Str+3
                  | Int+4 Dex+4}
 64921 | Tomb:3   | Got a golden rune of Zot
 65443 | Zot:1    | Entered Level 1 of the Realm of Zot
 65466 | Zot:2    | Identified the +0 ring mail of the Earth {rC+ Str+2 Int+3}
 65508 | Zot:4    | Found a transporter.
 65538 | Zot:5    | Entered Level 5 of the Realm of Zot
 65927 | Zot:5    | Noticed an orb of fire
 65930 | Zot:5    | Killed an orb of fire
 65930 | Zot:5    | Noticed an ancient lich
 65937 | Zot:5    | Killed an ancient lich
 65937 | Zot:5    | Noticed an orb of fire
 65942 | Zot:5    | Noticed an ancient lich
 65943 | Zot:5    | Noticed a Killer Klown
 65945 | Zot:5    | Killed an ancient lich
 65945 | Zot:5    | Noticed an ancient lich
 65947 | Zot:5    | Killed an orb of fire
 65948 | Zot:5    | Noticed a Killer Klown
 65948 | Zot:5    | Noticed a Killer Klown
 65948 | Zot:5    | Noticed a Killer Klown
 65948 | Zot:5    | Noticed a Killer Klown
 65952 | Zot:5    | Noticed a Killer Klown
 65955 | Zot:5    | Killed an ancient lich
 65962 | Zot:5    | Killed a Killer Klown
 65969 | Zot:5    | Killed a Killer Klown
 65977 | Zot:5    | Killed a Killer Klown
 65982 | Zot:5    | Killed a Killer Klown
 65991 | Zot:5    | Killed a Killer Klown
 66000 | Zot:5    | Killed a Killer Klown
 66158 | Zot:5    | Identified the +0 war axe "Embalmer" {heavy, rElec rPois
                  | Will++ rCorr}
 66360 | Zot:5    | Got the Orb of Zot
 66632 | D:13     | Noticed Totoboko the pandemonium lord
 66643 | D:13     | Killed Totoboko the pandemonium lord
 66773 | D:7      | Noticed Xiastroef the pandemonium lord
 66782 | D:7      | Killed Xiastroef the pandemonium lord
 66943 | D:1      | gg
 66944 | D:$      | Escaped with the Orb!

Illustrated notes

....####.#
####.#######...#####..
.......#.#
###.#∩#######.# #...
.......#.#
###.#####....## #..#
.......#.#
####.###..##...# #..#
.......#.#
#.##~~..####...# #...
.......#.# ###..~~##.#
#...# #.##
.......#.###..###.####
#...###.#.
.......#....#####.###
#...'...#.
.......#.#####.#@#.###
#...#####' .......#.#
##..###.#####...# #...
########.####..#
##.####...# #...
#.####..# ##.# ##...#
#... #.## #..# #..#
##...# #... ##### #.#
#..# #.## #...###...
....# #.#
#..###.#####.........
....####.#
#..........'.........
.........#
#.##########.........


Turn 66943 on D:1: gg

Levels and vault maps discovered:
D:1:      spicycebolla_green_bress_n_ham_2, layout_basic
D:2:      layout_basic
D:3:      layout_basic, basic_ecumenical_altar, cheibrodos_sewer_entry_bend
D:4:      minmay_polygon_palace, layout_loops_ring, minmay_shop_damaged,
          uniq_sigmund, uniq_robin, uniq_natasha, uniq_duvessa, uniq_edmund
D:5:      minmay_goblin_kobold_castle, layout_basic,
          nicolae_overflow_hidden_temple, mainiacjoe_overflow_surrounded_room,
          serial_shops, nicolae_shop_overgrown_old_shop, shop, shop,
          nicolae_lakefront_shop, shop, minmay_fountain_box, uniq_grinder
D:6:      layout_rooms, lemuel_tele_altar, mainiacjoe_overflow_boulevard,
          serial_bayou_ford_a, minmay_ruined_shrine
D:7:      layout_cave_pools, minmay_temple_entry_overgrown, enter_bailey_5,
          nicolae_titane
D:8:      layout_loops_corners
D:9:      wander_kiku_kobolds, layout_basic
D:10:     layout_irregular_city, trog_three_pillars_becter,
          chequers_temple_overflow_statue_of_worship,
          mainiacjoe_overflow_alcove_2, lair_entry_dummy,
          gammafunk_ghost_spectres
D:11:     layout_basic, nicolae_gozag_cash_rules_everything_around_me
D:12:     layout_basic, orc_0_dummy, serial_aquarium, aquarium_bridge_square
          [aquarium_subvault_wall, aquarium_subvault_bridge,
          aquarium_subvault_bridge, aquarium_subvault_wall],
          aquarium_bridge_square [aquarium_subvault_balcony,
          aquarium_subvault_bridge, aquarium_subvault_wall,
          aquarium_subvault_window], aquarium_window_3, aquarium_window_corner,
          aquarium_window_2, aquarium_window_1, aquarium_view_2d,
          aquarium_balcony_3a
D:13:     doesnt_quadruple_sword, layout_gridville, serial_shops,
          nicolae_shop_just_a_little_nook, nicolae_shop_mannequins, shop, shop,
          nicolae_diamond_shop
D:14:     cheibrodos_elevator_heist, layout_irregular_city, erik_vaults_2,
          minmay_misc_feat_more_columns, serial_shops,
          nicolae_shop_just_a_little_nook, library_closet
D:15:     grunt_enter_depths_snipers, layout_gridville, kennysheep_slug_shrine
Lair:1:   layout_gridlike, enter_volcano_1, serial_bayou_shore_a, uniq_gastronok
Lair:2:   layout_hall_layers, minmay_shoals_entry_centaurs
Lair:3:   layout_chaotic_city, dummy_spider_entry, grunt_forest_small_clearings,
          grunt_megastairs_4, uniq_amaemon, uniq_fannar, uniq_snorg
Lair:4:   hellmonk_destroyed_diamonds, layout_concentric_octagons,
          dpeg_slime_entry_corner
Lair:5:   hangedman_lair_in_review, layout_regular_city, basic_altar
Shoals:1: layout_shoals, argonaut_gorgonesque, uniq_jorgrun
Shoals:2: cheibrodos_shoals_gigantism, layout_shoals, nicolae_stop_n_shop_2,
          nicolae_shoals_gull_way
Shoals:3: layout_shoals, nicolae_shoals_water_shrine
Shoals:4: shoals_end_hellmonk_holy_island, uniq_polyphemus
Spider:1: layout_chambers, hangedman_spider_tarantella_strand, uniq_azrael
Spider:2: layout_spider_delve, nicolae_spider_cling_halls
Spider:3: layout_spider_delve, nicolae_spider_not_touching_you, uniq_mlioglotl
Spider:4: grunt_spider_rune_island, portal_ice_cave_entry_dragon
Slime:1:  layout_caves
Slime:2:  layout_caves
Slime:3:  layout_caves
Slime:4:  layout_caves, nicolae_slime_getting_an_eyeful
Slime:5:  slime_pit_nicolae_trefoil
Orc:1:    layout_caves
Orc:2:    hellmonk_orc_salted, layout_diamond_mine, basic_altar, uniq_erolcha
Elf:1:    eino_elf_arrival_shootout, layout_geoelf_grid, serial_shops, shop,
          minivault_28
Elf:2:    elven_hall_of_blades_hangedman_original
          [nicolae_blade_entry_floor_patterns], layout_gridlike,
          nicolae_gammafunk_elf_defective_weapons_storage
Elf:3:    elf_hall, layout_loops_corners, small_chamber_with_monster,
          minmay_elf_sorcery, uniq_roxanne, uniq_bai_suzhen
Vaults:1: gammafunk_sealed_arena, v_misc_17, nicolae_vaults_little_squares_3,
          v_misc_13, v_pattern_4, v_misc_30, nicolae_vaults_trapezoid_1,
          ontoclasm_vaults_ring_square, layout_vaults_quadrants, uniq_norris
Vaults:2: ontoclasm_vaults_fault, nicolae_vaults_spaceships,
          nicolae_vaults_alarming, nicolae_vaults_security_offices_2,
          ontoclasm_vaults_gateway, vaults_room_semicircle,
          nicolae_vaults_stairing_the_circle, nicolae_vaults_trapezoid_2,
          nicolae_vaults_tetromino_T_2, layout_vaults_big_room, uniq_margery,
          uniq_saint_roka, uniq_asterion
Vaults:3: vaults_room_pool, hangedman_vaults_corner, nicolae_vaults_apartment_1,
          vaults_room_pool, vaults_room_boxed, nicolae_vaults_big_angled_halls,
          v_misc_30, nicolae_vaults_yaktaur_gun_rack,
          nicolae_vaults_little_guard_posts,
          nicolae_vaults_variable_pillar_hall, nicolae_vaults_more_shelving_2,
          minmay_crypt_entry_skeletal_spiral, vaults_dpeg_emergency_exit,
          nicolae_vaults_storage_closets_2, layout_vaults_maze_bifur
Vaults:4: vaults_dpeg_doors, ontoclasm_vaults_spin, vaults_mumra_chevron,
          nicolae_vaults_network_s, vaults_dpeg_cross, v_misc_2,
          nicolae_vaults_offset_grid_hallway_3,
          vaults_room_grunt_arrival_checkpoint,
          nicolae_vaults_variable_pillar_hall, nicolae_vaults_what_the_h,
          hangedman_vaults_maws, nicolae_vaults_trapezoid_4,
          layout_vaults_big_cross, enter_trove_1
Vaults:5: uniq_boris
Crypt:1:  layout_chaotic_city, nicolae_nh_vlads_tower,
          grunt_crypt_arrival_guarded_gate, uniq_jory
Crypt:2:  layout_catacombs
Crypt:3:  church_of_pain_bobbens, layout_chaotic_city, tomb_entry_sphere_bobbens
Tomb:1
Tomb:2
Tomb:3
Depths:1: layout_cave_pools, serial_shops, nicolae_shop_real_fake_doors,
          hangedman_glass_teeth, grunt_mini_vestibule, nooodl_orcs_dogs
Depths:2: gammafunk_corrupted_shrine, layout_gridlike, enter_ziggurat_d,
          rand_demon_pan_entry_7, abyss_entry, hangedman_geh_valley,
          nicolae_shop_clearance, infiniplex_staircase_zigzag_1
Depths:3: hangedman_spin_cycle, hell_entry, abyss_entry
Depths:4: grunt_crosshair, layout_cave_pools, hangedman_tar_grid_catacomb,
          nicolae_uskayaw_murder_on_the_dancefloor, grunt_ministairs_1,
          minivault_16, uniq_grunn
Hell
Dis:1:    layout_subdivisions, lemuel_dis_dragons
Dis:2:    layout_gridville
Dis:3:    layout_regular_city, nicolae_hells_hurtin_island
Dis:4:    nicolae_hells_demon_pit, layout_jigsaw
Dis:5:    layout_jigsaw
Dis:6:    layout_jigsaw, nicolae_dis_strange_trophy_room
Dis:7:    dis_grunt_layers
Geh:1:    layout_gehenna_lava_caves
Geh:2:    layout_gehenna_lava_caves
Geh:3:    layout_gehenna_pools_basic
Geh:4:    layout_gehenna_pools_basic
Geh:5:    layout_gehenna_pools_box
Geh:6:    layout_gehenna_lava_caves
Geh:7:    geh_grunt
Coc:1:    layout_cocytus_water_paths
Coc:2:    layout_cocytus_delve
Coc:3:    layout_cocytus_water_paths
Coc:4:    layout_cocytus_delve
Coc:5:    layout_cocytus_water_paths
Coc:6:    layout_cocytus_water_paths
Coc:7:    coc_old
Tar:1:    layout_catacombs, nicolae_tar_cuneiform_not,
          nicolae_tar_just_some_guys
Tar:2:    layout_grid_maze, door_vault
Tar:3:    layout_catacombs
Tar:4:    layout_grid_maze, nicolae_hells_fiendish_ambush
Tar:5:    layout_honeycomb
Tar:6:    layout_cathedral_of_symmetry, nicolae_tar_cuneiform_to_be
Tar:7:    tar_mu [tar_mu_maze]
Zot:1:    layout_gridlike, zot_minivault_5, grunt_megastairs_1
Zot:2:    layout_twisted_circle
Zot:3:    layout_basic, zot_minivault_6
Zot:4:    layout_cellular_growth, serial_nicolae_subway,
          nicolae_sub_station_stone, nicolae_sub_station_metal,
          nicolae_sub_station_crystal
Zot:5:    layout_twisted_circle

Skill      XL: |  1  2  3  4  5  6  7  8  9 10 11 12 13 14 15 16 17 18 19 20 21 22 23 24 25 26 27 |
---------------+----------------------------------------------------------------------------------+-----
Axes           | 3 4 5 6 7 9 11 12 13 14 16 17 19 20 21 22 23 24 | 24.0
Armour         | 4 5 6 7 9 10 11 12 13 14 15 16 17 18 20 21 22 23 27 | 27.0
Fighting       | 4 5 6 7 9 10 11 12 13 14 15 16 17 18 19 20 21 22 23 27 | 27.0
Invocations    | 2 5 7 9 10 12 13 16 27 | 27.0
Shields        | 6 9 10 12 14 15 27 | 27.0
Throwing       | 3 6 8 10 27 | 27.0
Dodging        | 3 5 7 8 25 | 25.7
Evocations     | |  0.8

Action                     |  1- 3 |  4- 6 |  7- 9 | 10-12 | 13-15 | 16-18 | 19-21 | 22-24 | 25-27 || total
---------------------------+-------+-------+-------+-------+-------+-------+-------+-------+-------++-------
  Melee: War axe           |    77 |    78 |   338 |   600 |       |       |       |       |       ||  1093
         Battleaxe         |       |       |       |    26 |   836 |  1256 |   767 |   580 |    44 ||  3509
         Executioner's axe |       |       |       |       |       |       |   247 |   323 |  4218 ||  4788
  Throw: Dart              |       |       |       |     4 |       |     1 |       |       |     3 ||     8
         Javelin           |       |       |       |       |       |       |       |    19 |   194 ||   213
 Invoke: Heroism           |       |       |       |     2 |    13 |    11 |    15 |    13 |       ||    54
         Receive Weapon    |       |       |       |     1 |       |       |       |       |       ||     1
         Finesse           |       |       |       |       |     2 |     1 |     3 |     4 |       ||    10
         Receive Armour    |       |       |       |       |     1 |       |       |       |       ||     1
         Duel              |       |       |       |       |       |     1 |     3 |     4 |       ||     8
         Recite            |       |       |       |       |       |       |       |       |    25 ||    25
         Donate Gold       |       |       |       |       |       |       |       |       |     1 ||     1
         Vitalisation      |       |       |       |       |       |       |       |       |    22 ||    22
         Imprison          |       |       |       |       |       |       |       |       |    13 ||    13
         Sanctuary         |       |       |       |       |       |       |       |       |    11 ||    11
Ability: Dig               |       |       |       |       |       |       |       |       |     4 ||     4
  Evoke: Wand              |       |       |       |     1 |       |       |       |       |     1 ||     2
    Use: Scroll            |       |     6 |     2 |    12 |    10 |     5 |     1 |     4 |    16 ||    56
         Potion            |       |     1 |     1 |     3 |       |       |     2 |     7 |    25 ||    39
   Stab: Distracted        |       |       |     1 |       |       |     1 |       |     7 |    72 ||    81
         Sleeping          |       |       |       |     1 |       |       |       |       |       ||     1
         Petrified         |       |       |       |       |       |       |     2 |       |       ||     2
         Invisible         |       |       |       |       |       |       |       |       |     1 ||     1
         Confused          |       |       |       |       |       |       |       |       |     7 ||     7
 Armour: Scale mail        |    43 |    58 |   247 |   115 |       |       |       |       |       ||   463
         Plate armour      |       |       |       |   362 |   975 |  1028 |   980 |   697 |  1479 ||  5521
         Storm dragon scal |       |       |       |    28 |       |       |       |       |       ||    28
         Gold dragon scale |       |       |       |       |       |   110 |     6 |       |  1091 ||  1207
  Dodge: Dodged            |    44 |    35 |   144 |   204 |   327 |   357 |   260 |   321 |   999 ||  2691
  Block: Buckler           |    19 |    32 |    96 |   177 |   297 |   104 |       |       |       ||   725
         Kite shield       |       |       |       |       |       |   725 |   663 |   559 |   782 ||  2729
         Tower shield      |       |       |       |       |       |       |       |       |  1729 ||  1729

Table legend: (Time is in decaauts)
 A = Elapsed time spent in this place.
 B = Non-inter-level travel time spent in this place.
 C = Inter-level travel time spent in this place.
 D = Time resting spent in this place.
 E = Time spent auto-exploring this place.
 F = Levels seen in this place.
 G = Mean time per level.
                   A        B        C        D        E       F      G
               +--------+--------+--------+--------+--------+-----+--------+
         Total |  65011 |  57590 |   7421 |   6034 |  30347 | 121 |  537.3 |
       Dungeon |  14641 |  11629 |   3012 |    285 |   8507 |  15 |  976.1 |
          Lair |   5135 |   4343 |    792 |     77 |   3069 |   5 | 1027.0 |
        Shoals |   3245 |   3084 |    161 |     89 |   2047 |   4 |  811.2 |
   Spider Nest |   3510 |   3306 |    204 |     37 |   2199 |   4 |  877.5 |
    Slime Pits |   1321 |   1206 |    115 |    123 |    518 |   5 |  264.2 |
  Orcish Mines |   1279 |   1170 |    109 |      0 |    884 |   2 |  639.5 |
   Elven Halls |   2151 |   2011 |    140 |    154 |   1334 |   3 |  717.0 |
        Vaults |   5677 |   4749 |    928 |    110 |   3328 |   5 | 1135.4 |
         Crypt |   3057 |   2677 |    380 |     88 |   1825 |   3 | 1019.0 |
          Tomb |   3202 |   2973 |    229 |    840 |    818 |   3 | 1067.3 |
        Depths |   3877 |   3441 |    436 |    446 |   1921 |   4 |  969.2 |
          Hell |   1313 |   1213 |    100 |    487 |    387 |   1 | 1313.0 |
           Dis |   2665 |   2560 |    105 |    564 |    603 |   7 |  380.7 |
       Gehenna |   1171 |   1171 |      0 |    323 |     52 |   7 |  167.3 |
       Cocytus |   2138 |   1895 |    243 |    663 |    226 |   7 |  305.4 |
      Tartarus |   2326 |   1973 |    353 |    568 |    547 |   7 |  332.3 |
           Zot |   1028 |    920 |    108 |    104 |    365 |   5 |  205.6 |
         Abyss |    235 |    235 |      0 |      0 |     63 |   4 |   58.8 |
   Pandemonium |   5522 |   5522 |      0 |    838 |   1248 |  18 |  306.8 |
         Sewer |    100 |    100 |      0 |      0 |     24 |   1 |  100.0 |
        Bailey |    449 |    449 |      0 |     88 |    132 |   1 |  449.0 |
      Ice Cave |    476 |    476 |      0 |      0 |    234 |   1 |  476.0 |
       Volcano |    317 |    317 |      0 |    131 |     13 |   1 |  317.0 |
         Arena |    166 |    166 |      0 |     16 |      0 |   8 |   20.8 |
               +--------+--------+--------+--------+--------+-----+--------+

Top non-repeatable levels by time:
  Tomb:1: 1837 daAuts
Depths:2: 1625 daAuts
   Dis:7: 1546 daAuts
     D:5: 1429 daAuts
   Elf:3: 1406 daAuts
Vaults:1: 1337 daAuts
    Hell: 1313 daAuts
  Lair:2: 1307 daAuts
   Coc:7: 1234 daAuts
 Crypt:3: 1213 daAuts
    D:13: 1181 daAuts
Vaults:5: 1150 daAuts
Vaults:3: 1148 daAuts
Vaults:4: 1137 daAuts
Spider:1: 1134 daAuts
